 Dungeon Crawl Stone Soup version 0.24.0-123-gd5b16e6ec5 (webtiles) character file.

Game seed: 17421009001630283565, levelgen mode: deterministic

1129 eccles the Slasher (level 8, 0/62 HPs)
             Began as a Demonspawn Berserker on Jan 15, 2020.
             Was a Priest of Trog.
             Slain by an orc warrior
             ... wielding a +0 mace of protection
              (12 damage)
             ... on level 6 of the Dungeon.
             The game lasted 00:20:35 (4316 turns).

eccles the Slasher (Demonspawn Berserker)           Turns: 4316, Time: 00:20:36

Health: 0/62       AC: 17    Str: 19    XL:     8   Next: 13%
Magic:  8/8        EV:  8    Int:  8    God:    Trog [***...]
Gold:   215        SH:  0    Dex: 14    Spells: 7/7 levels left

rFire    . . .     SeeInvis .   a - +1 falchion
rCold    . . .     Gourm    .   (no shield)
rNeg     . . .     Faith    .   u - +5 plate armour
rPois    .         Spirit   .   (helmet restricted)
rElec    .         Reflect  .   (no cloak)
rCorr    .         Harm     .   (no gloves)
MR       +....                  (no boots)
Stlth    ..........             (no amulet)
HPRegen  0.20/turn              (no ring)
MPRegen  0.11/turn              (no ring)

@: no status effects
A: horns 2, magic resistance 1, mutation resistance 1, nightstalker 1, sturdy
frame 1
a: Berserk, Trog's Hand, Renounce Religion


You were on level 6 of the Dungeon.
You worshipped Trog.
Trog was most pleased with you.
You were hungry.

You visited 1 branch of the dungeon, and saw 6 of its levels.

You collected 215 gold pieces.

Inventory:

Hand Weapons
 a - a +1 falchion (weapon)
 q - a +0 mace
Missiles
 d - 27 poisoned darts (quivered)
 e - 49 arrows
 p - 30 bolts
 r - 59 stones
Armour
 b - a +0 animal skin
 j - a +0 chain mail
 u - a +5 plate armour (worn)
Jewellery
 o - an uncursed ring of see invisible {unknown}
 y - an uncursed amulet of harm
Scrolls
 g - 2 scrolls of remove curse
 h - a scroll of amnesia
 s - a scroll of teleportation
 v - 2 scrolls of fog
Potions
 f - a potion of curing
 i - 2 potions of haste
 k - a potion of heal wounds
 n - 2 potions of might
 w - a potion of flight
Comestibles
 c - 6 rations
 l - 3 chunks of flesh


   Skills:
 + Level 5.1 Fighting
 + Level 6.1 Long Blades
 + Level 0.2 Throwing
 + Level 5.0 Armour
 + Level 3.2 Dodging
 + Level 0.8 Stealth


You had 7 spell levels left.
You didn't know any spells.
Your spell library was empty.

Dungeon Overview and Level Annotations

Branches:
Dungeon (6/15)
 Temple: D:4-7

Altars:
Cheibriados
Gozag
Hepliaklqana
Qazlal
Sif Muna
Uskayaw

Shops:
D:5 (


Innate Abilities, Weirdness & Mutations

You have a pair of horns on your head.
You are slightly more attuned to the shadows.
Your movements are slightly less encumbered by armour. (ER -2)
You are resistant to hostile enchantments. (MR+)
You are somewhat resistant to further mutation.


Message History

You completely miss the orc warrior. The orc hits you but does no damage.
You slash the orc!
You kill the orc!
Trog accepts your kill.
The orc warrior hits you with a +0 mace of protection.
You slash the orc!
You kill the orc!
Trog accepts your kill.
The orc warrior hits you with a +0 mace of protection!
You hit the orc but do no damage. You headbutt the orc, but do no damage.
The orc barely misses you.
You hit the orc. You headbutt the orc.
The orc is heavily wounded.
The orc warrior hits you with a +0 mace of protection!
* * * LOW HITPOINT WARNING * * *
The orc hits you but does no damage.
You hit the orc but do no damage.
The orc is heavily wounded.
The orc warrior hits you with a +0 mace of protection!
You die...

#.# #.# #### #.. .... #.# #
### ##.# # ..#.##.# #
#.###.#.##)# # #....oo.##.#
# ####@####.###.# #
#............... # ##+##
#.##.###.####.## ##...## #.
#.# #.# ##.....## #.##.# #.#
#.......## #..#.# #.#
.........####....###.####.#.
....<....+............^.....
.........####........####.#.


You could see an orc warrior and an orc.

Vanquished Creatures
  A hippogriff (D:5)
  An ice beast (D:6)
  A sky beast (D:6)
  A phantom (D:5)
  2 centaurs
  A howler monkey (D:5)
  A crimson imp (D:6)
  An orc priest (D:5)
  5 orc wizards
  3 worker ants
  3 gnolls (D:3)
  A howler monkey zombie (D:5)
  5 adders
  2 shadow imps (D:5)
  2 oozes
  An adder skeleton (D:5)
  A worm (D:2)
  A dart slug (D:1)
  2 leopard geckos
  8 orcs
  2 ball pythons
  3 bats (D:2)
  2 giant cockroaches
  5 goblins
  7 hobgoblins
  12 jackals
  8 kobolds
  A quokka (D:3)
  2 frilled lizards
  A giant cockroach zombie (D:6)
  A leopard gecko skeleton (D:5)
  6 rats
93 creatures vanquished.

Notes
Turn   | Place    | Note
-------+----------+-------------------------------------------
     0 | D:1      | eccles the Demonspawn Berserker began the quest for the
                  | Orb.
     0 | D:1      | Reached XP level 1. HP: 18/18 MP: 1/1
   197 | D:1      | Gained mutation: You have a pair of small horns on your
                  | head. [demonic ancestry]
   197 | D:1      | Reached XP level 2. HP: 8/24 MP: 2/2
   200 | D:1      | HP: 1/36 [dart slug/slug dart (5)]
   201 | D:1      | Reached skill level 3 in Long Blades
   335 | D:1      | Gained mutation: You are somewhat resistant to further
                  | mutation. [potion of mutation]
   335 | D:1      | Gained mutation: You are resistant to hostile enchantments.
                  | (MR+) [potion of mutation]
   726 | D:2      | Gained mutation: Your movements are slightly less
                  | encumbered by armour. (ER -2) [demonic ancestry]
   726 | D:2      | Reached XP level 3. HP: 26/29 MP: 3/3
   939 | D:2      | Found a snail-covered altar of Cheibriados.
  1427 | D:2      | Reached ** piety under Trog
  1554 | D:3      | Reached XP level 4. HP: 30/37 MP: 4/4
  1865 | D:3      | Found a shimmering blue altar of Sif Muna.
  1885 | D:3      | Reached XP level 5. HP: 18/42 MP: 5/5
  2077 | D:3      | Reached skill level 4 in Long Blades
  2177 | D:3      | Found a hazy altar of Hepliaklqana.
  2201 | D:3      | Found a hide-covered altar of Uskayaw.
  2711 | D:3      | Found a stormy altar of Qazlal.
  2833 | D:4      | You fall into a shaft and drop 1 floor!
  2833 | D:5      | Entered Level 5 of the Dungeon
  2845 | D:5      | Reached *** piety under Trog
  2848 | D:5      | Reached XP level 6. HP: 29/48 MP: 6/6
  3105 | D:5      | Noticed a hippogriff
  3118 | D:5      | Killed a hippogriff
  3118 | D:5      | Reached skill level 5 in Long Blades
  3274 | D:5      | Gained mutation: You have a pair of horns on your head.
                  | [demonic ancestry]
  3274 | D:5      | Reached XP level 7. HP: 24/55 MP: 7/7
  3523 | D:5      | Found an opulent altar of Gozag.
  3589 | D:5      | Found Ynemuoh's Weapon Shop.
  4213 | D:6      | Reached skill level 5 in Fighting
  4213 | D:6      | Gained mutation: You are slightly more attuned to the
                  | shadows. [demonic ancestry]
  4213 | D:6      | Reached XP level 8. HP: 38/62 MP: 8/8
  4267 | D:6      | Reached skill level 6 in Long Blades
  4288 | D:6      | Reached skill level 5 in Armour
  4316 | D:6      | Slain by an orc warrior

Levels and vault maps discovered:
D:1:      dpeg_arrival_ternary, layout_basic, minmay_split_cup_large
D:2:      layout_basic, overflow_temple_1_default
D:3:      layout_loops_cross, lemuel_doored_altar,
          nicolae_overflow_hidden_temple, marbit_many_paths, led_sif_book
D:4:      layout_layer_cave, old_standard_altar, temple_statues, first_ration,
          nicolae_ossuary_entry_monument
D:5:      layout_loops_ring, grunt_gozag_breadcrumbs, serial_shops, shop
D:6:      layout_loops_corners, lemuel_crystal_altar, hangedman_decor_points

Skill      XL: |  1  2  3  4  5  6  7  8 |
---------------+-------------------------+-----
Long Blades    | 3 4 5 6 |  6.1
Dodging        | 2 3 |  3.2
Armour         | 2 3 4 5 |  5.0
Fighting       | 4 5 |  5.1
Throwing       | |  0.2
Stealth        | |  0.8

Action                   |  1- 3 |  4- 6 |  7- 9 || total
-------------------------+-------+-------+-------++-------
Melee: Falchion          |    97 |   132 |   124 ||   353
       Headbutt          |    14 |    25 |    32 ||    71
Throw: Dart              |       |       |     2 ||     2
Invok: Berserk           |     1 |     1 |     1 ||     3
  Use: Potion            |     2 |       |       ||     2
       Scroll            |       |       |    13 ||    13
  Eat: Chunk             |     2 |     6 |     6 ||    14
Armor: Animal skin       |     8 |       |       ||     8
       Chain mail        |    32 |    94 |    31 ||   157
       Plate armour      |       |       |    37 ||    37
Dodge: Dodged            |    67 |    84 |    45 ||   196
       Rpst.: Falchion   |    20 |    26 |    13 ||    59
